 Dungeon Crawl Stone Soup version 0.28.0-53-g5a82cb258f (webtiles) character file.

Game seed: 15639471546319180094

236 sking99 the Cudgeller (level 6, -2/39 HPs)
             Began as a Gargoyle Monk on June 3, 2022.
             Was a Believer of Dithmenos.
             Slain by Grinder (7 damage)
             ... on level 3 of the Dungeon.
             The game lasted 00:05:31 (1773 turns).

sking99 the Cudgeller (Gargoyle Monk)               Turns: 1773, Time: 00:05:32

Health: -2/39      AC: 12    Str: 17    XL:     6   Next: 6%
Magic:  6/6        EV:  7    Int: 10    God:    Dithmenos [**....]
Gold:   80         SH:  0    Dex: 12    Spells: 5/5 levels left

rFire   . . .      SeeInvis .   c - +0 flail
rCold   . . .      Faith    .   (no shield)
rNeg    + + +      Spirit   .   d - +0 chain mail {rN+}
rPois   ∞          Reflect  .   (no helmet)
rElec   +          Harm     .   (no cloak)
rCorr   .          Rampage  .   (no gloves)
Will    .....                   (no boots)
Stlth   ..........              (no amulet)
HPRegen 0.13/turn               h - ring of positive energy
MPRegen 0.10/turn               (no ring)

@: wreathed by umbra
A: sickness immunity, AC +4, negative energy resistance 1, electricity
resistance, torment resistance 1, petrification resistance
a: Renounce Religion, Shadow Step


You were on level 3 of the Dungeon.
You worshipped Dithmenos.
Dithmenos was pleased with you.
You visited 1 branch of the dungeon, and saw 3 of its levels.

You collected 80 gold pieces.

Inventory:

Hand Weapons
 c - a +0 flail (weapon)
Armour
 d - a +0 chain mail of positive energy (worn)
Jewellery
 h - a ring of positive energy (left hand)
 j - an amulet of regeneration
 n - a +6 ring of dexterity
Scrolls
 e - a scroll of enchant weapon {unknown}
 g - a scroll of fog {unknown}
 i - 3 scrolls of amnesia
 k - a scroll of vulnerability {unknown}
 l - a scroll of magic mapping {unknown}
 m - a scroll of blinking {unknown}
Potions
 a - a potion of flight {unknown}
 b - a potion of curing
 f - a potion of heal wounds {unknown}


   Skills:
 + Level 4.5 Fighting
 * Level 5.1 Maces & Flails
 + Level 0.1 Armour
 - Level 3.3 Dodging
 - Level 2.1 Stealth


You had 5 spell levels left.
You didn't know any spells.
Your spell library contained the following spells:

 Spells                   Type           Power      Damage    Failure   Level
 Beastly Appendage        Tmut           0%         N/A       100%        1
 Wereblood                Tmut           0%         N/A       100%        2
 Spider Form              Tmut/Pois      0%         N/A       100%        3


Dungeon Overview and Level Annotations

Branches:
Dungeon (3/15)

Altars:
Dithmenos
Wu Jian

Annotations:
D:3 Grinder


Innate Abilities, Weirdness & Mutations

You are immune to sickness and miasma.
Your stone body is resilient. (AC +4)
You are immune to poison.
You resist negative energy. (rN+)
You are resistant to electric shocks. (rElec)
You are resistant to unholy torment.
You are immune to petrification.


Message History

The quokka bites you but does no damage.
Grinder hits you but does no damage.
You hit Grinder but do no damage.
Grinder is severely wounded.
The quokka bites you. Grinder hits you. The quokka bites you.
You barely miss Grinder.
Grinder is severely wounded.
Grinder hits you but does no damage.
The quokka bites you but does no damage.
You hit Grinder.
Grinder is almost dead.
Grinder hits you.
The quokka bites you but does no damage.
Grinder hits you but does no damage.
You closely miss Grinder.
Grinder is almost dead.
The quokka bites you. The quokka barely misses you. Grinder barely misses you.
You hit Grinder.
Grinder is almost dead.
The quokka bites you but does no damage.
Grinder closely misses you.
You closely miss Grinder.
Grinder is almost dead.
The quokka bites you but does no damage.
Grinder gestures at you.
You barely resist. You hit Grinder.
Grinder is almost dead.
The quokka bites you. Grinder hits you but does no damage.
The quokka bites you but does no damage.
You barely miss Grinder.
Grinder is almost dead.
Grinder hits you!
* * * LOW HITPOINT WARNING * * *
The quokka bites you but does no damage.
You hit Grinder but do no damage.
Grinder is almost dead.
The quokka bites you but does no damage.
Grinder hits you!
You die...

#. ..# #. .. ## .
#.# ####### ..#
###.. ##...##.
#...####...##
#<.♣..'.
#...........
##.).##. #..r##.####
####### #.5@.....#
#...
#.##.>##.########...
.. #..##............
...
#..#####.........
###
.#.#####.#####..#
.................#
####.............##
###############


You could see Grinder and a quokka.

Vanquished Creatures
  Sigmund (D:2)
  Terence (D:2)
  2 worms (D:2)
  3 dart slugs
  5 ball pythons (D:1)
  2 endoplasms
  5 giant cockroaches
  2 goblins
  4 hobgoblins
  5 jackals (D:2)
  4 kobolds
  5 quokkas
  3 bats (D:1)
  4 frilled lizards
  5 rats
51 creatures vanquished.

Vanquished Creatures (others)
  6 plants (D:2)
6 creatures vanquished.

Grand Total: 57 creatures vanquished

Notes
Turn   | Place    | Note
-------+----------+-------------------------------------------
     0 | D:1      | sking99 the Gargoyle Monk began the quest for the Orb.
     0 | D:1      | Reached XP level 1. HP: 14/14 MP: 1/1
    67 | D:1      | Reached XP level 2. HP: 18/19 MP: 2/2
   380 | D:1      | Reached XP level 3. HP: 23/23 MP: 3/3
   601 | D:1      | Found an ornate altar of the Wu Jian Council.
   681 | D:2      | Noticed Terence
   687 | D:2      | Killed Terence
   688 | D:2      | Reached skill level 4 in Maces & Flails
   695 | D:2      | Found a faded altar of an unknown god.
   707 | D:2      | Reached XP level 4. HP: 22/29 MP: 4/4
   914 | D:2      | Noticed Sigmund
  1036 | D:2      | Found a shadowy altar of Dithmenos.
  1382 | D:2      | Became a worshipper of Dithmenos the Shadowed
  1382 | D:2      | Reached * piety under Dithmenos
  1382 | D:2      | Reached ** piety under Dithmenos
  1429 | D:2      | Killed Sigmund
  1430 | D:2      | Reached skill level 5 in Maces & Flails
  1430 | D:2      | Reached XP level 5. HP: 34/34 MP: 5/5
  1430 | D:2      | Reached XP level 6. HP: 39/39 MP: 6/6
  1749 | D:3      | Noticed Grinder
  1773 | D:3      | Slain by Grinder

Illustrated notes

Levels and vault maps discovered:
D:1:      dpeg_arrival_water_altar, layout_rooms, minmay_heptomino_w4
D:2:      layout_rooms, hellmonk_ecumenical_altar_dog_temple, basic_altar,
          palyth_stone_intersect, guppyfry_early_lair_pool, uniq_sigmund,
          uniq_terence
D:3:      layout_loops_ring, lemuel_coloured_pillars_altar,
          minmay_misc_feat_rugged, minmay_misc_feat_iff, grunt_ministairs_5,
          uniq_grinder

Skill      XL: |  1  2  3  4 |
---------------+-------------+-----
Maces & Flails | 4 5 |  5.1
Fighting       | 4 |  4.5
Dodging        | 3 |  3.3
Armour         | |  0.1
Stealth        | |  2.1

Action                   |  1- 3 |  4- 6 || total
-------------------------+-------+-------++-------
Melee: Mace              |    69 |     2 ||    71
       Punch             |     3 |       ||     3
       Flail             |       |    97 ||    97
  Use: Scroll            |     3 |       ||     3
       Potion            |       |     1 ||     1
Armor: Scale mail        |    29 |     2 ||    31
       Robe              |     2 |       ||     2
       Chain mail        |       |    67 ||    67
Dodge: Dodged            |    38 |    40 ||    78
